 Dungeon Crawl Stone Soup version 0.18-a0-902-g8738618 (webtiles) character file.

4 Jmtri7 the Charmwright (level 1, -4/17 HPs)
             Began as a Formicid Skald on Dec 24, 2015.
             Shot with an arrow of frost by a centaur (13 damage)
             ... on level 12 of the Dungeon.
             The game lasted 00:02:43 (146 turns).

Jmtri7 the Charmwright (Formicid Skald)              Turns: 146, Time: 00:02:43

Health: -4/17      AC:  6    Str: 16    XL:     1   Next: 77%
Magic:  3/3        EV:  9    Int: 11    God:
Gold:   36         SH:  0    Dex: 10    Spells: 1 memorised, 3 levels left

rFire  . . .     SeeInvis +     e - +4 glaive (flame)
rCold  . . .     Gourm    .     f - +0 scale mail
rNeg   . . .     Faith    +     (no shield)
rPois  .         Spirit   .     (helmet unavailable)
rElec  .         Dismiss  .     (no cloak)
rCorr  .         Reflect  .     (no gloves)
SustAt .         Harm     .     (no boots)
MR     .....                    b - amulet of faith
Stlth  ..........               (no ring)
                                (no ring)

@: not resistant to hostile enchantments, extremely unstealthy
A: permanent stasis, dig shafts and tunnels, four strong arms, antennae 3
a: Dig, Shaft Self


You were on level 12 of the Dungeon.
You were not hungry.

You visited 1 branch of the dungeon, and saw 7 of its levels.

You collected 36 gold pieces.

Inventory:

Hand Weapons
 e - a +4 glaive of flaming (weapon)
Armour
 f - a +0 scale mail (worn)
Jewellery
 b - an amulet of faith (around neck)
Scrolls
 a - a scroll of enchant weapon {unknown}
 g - a scroll of remove curse {unknown}
Books
 c - a book of Battle

   Spells                             Type                      Level
   a - Infusion                       Charms                       1
   b - Shroud of Golubria             Charms/Translocation         2
   c - Song of Sleighing              Charms                       2
   d - Spectral Weapon                Hexes/Charms                 3
   e - Regeneration                   Charms/Necromancy            3
Comestibles
 d - a bread ration


   Skills:
 + Level 2.7 Fighting
 - Level 2.0 Polearms
 - Level 1.1 Armour
 - Level 0.8 Dodging
 - Level 2.1 Spellcasting
 - Level 3.0 Charms


You had 3 spell levels left.
You knew the following spells:

 Your Spells              Type           Power        Failure   Level  Hunger
a - Infusion              Chrm           #.....       30%         1    ##.....


Dungeon Overview and Level Annotations

Branches:
Dungeon (9/15)
 Temple: D:4-7         Lair: D:8-11         Orc: D:9-12

Altars:


Innate Abilities, Weirdness & Mutations

You are under a permanent stasis effect.
You can dig through walls and to a lower floor.
Your four strong arms can wield two-handed weapons with a shield.
You have a pair of large antennae on your head (SInv).


Message History

The shaft crumbles and collapses.
Found 20 gold pieces.
You now have 36 gold pieces (gained 20).
You are no longer magically infusing your attacks.
There are no items here.
You open the door.
There is an open door here.
An iguana comes into view.
Found a leather armour.
A centaur comes into view.
The centaur wields a shortbow.
The centaur shoots an arrow of frost.
The arrow of frost hits you. The arrow of frost freezes you.
The centaur shoots an arrow of frost.
The arrow of frost hits you. The arrow of frost freezes you.
You see here an arrow of frost.
Are you sure you want to shaft yourself?
You feel quite a bit more hungry.
The centaur shoots an arrow of frost.
The arrow of frost hits you!
Ouch! That really hurt!
You die...

########### #.........#
#.........# #.........#
###..
...........########....[.
...........'....@...l....
...........#######.......
...........# .......
..#.....#### #.c....
..#.....# ......
.......## { ...... ......
..### ..... #.#


You could see a centaur and an iguana.

Vanquished Creatures
  An adder skeleton (D:9)
  A quokka (D:9)
2 creatures vanquished.

Notes
Turn   | Place    | Note
--------------------------------------------------------------
     0 | D:1      | Jmtri7 the Formicid Skald began the quest for the Orb.
     0 | D:1      | Reached XP level 1. HP: 16/16 MP: 3/3
     3 | D:1      | You fall through a shaft!
     6 | D:2      | You fall through a shaft for 2 floors!
     9 | D:4      | You fall through a shaft for 2 floors!
    12 | D:6      | You fall through a shaft!
    15 | D:7      | You fall through a shaft for 2 floors!
   120 | D:9      | Noticed a wraith
   120 | D:9      | Noticed an ogre
   128 | D:9      | You fall through a shaft for 3 floors!
   143 | D:12     | Noticed an iguana
   144 | D:12     | Noticed a centaur
   146 | D:12     | Shot with an arrow of frost by a centaur

Vault maps used:
D:1:      dpeg_arrival_leaves_temple_mockup
D:2:      marbit_many_paths, first_bread
D:4:      kennysheep_six_static_rooms
D:6:      led_sif_book, st_stairs_6
D:7:      grunt_temple_overflow_cloverleaf, minmay_temple_entry_overgrown,
          basic_altar, serial_shops, shop, uniq_duvessa
D:9:      grunt_dithmenos_shadows
D:12:     orc_0_dummy

Action                   || total
-------------------------++-------
Melee: Glaive            ||     5
 Cast: Infusion          ||     1
 Abil: Shaft Self        ||     7
